Map: 디스코 블러드배스 - 래더

Players

Zest - Winner!

  • Race: Protoss Protoss
  • League: Master
  • Spawn Location: 9:00

Bunny

  • Race: Terran Terran
  • Spawn Location: 3:00

Event: HomeStory Cup XX

VOD

Have the link to the VOD?

Description

Time

  • Played on: Nov. 22, 2019, 4:17 a.m.
  • Length: 7:52

All games in this series

Show
View Real Time Build Order
Export as new Build Order

Zest Protoss - Winner!

Build Orders: 1 Gate Expand, Oracle Opening, Blink Stalkers 

Get SALT Encoding   

  12  0:00  Probe  
  13  0:12  Probe  
  14  0:18  Pylon  
  14  0:24  Probe  
  15  0:32  Probe  
  15  0:37  Gateway  
  15  0:40  Probe  
  16  0:46  Assimilator  
  17  0:51  Probe  
  18  1:03  Probe  
  19  1:15  Probe  
  20  1:22  Nexus  
  20  1:32  Cybernetics Core  
  20  1:36  Probe  
  21  1:41  Assimilator  
  21  1:48  Probe  
  21  1:51  Pylon  
  22  1:59  Adept  
  22  2:00  Probe  
  23  2:12  Stargate  
  23  2:13  Probe  
  26  2:25  Probe  
  26  2:29  Warp Gate  
  27  2:33  Probe  
  27  2:34  Adept  
  30  2:37  Probe  
  30  2:41  Probe  
  31  2:45  Oracle  
  31  2:49  Probe  
  31  2:50  Probe  
  37  3:01  Probe  
  37  3:02  Probe  
  39  3:12  Probe, Twilight Council  
  39  3:14  Probe  
  41  3:20  Probe  
  41  3:23  Blink  
  41  3:25  Gateway  
  41  3:26  Gateway  
  42  3:28  Probe  
  42  3:29  Probe  
  42  3:30  Pylon  
  44  3:40  Probe  
  45  3:42  Pylon  
  45  3:44  Probe  
  46  3:52  Probe  
  47  3:56  Probe  
  48  4:04  Assimilator  
  48  4:05  Nexus  
  48  4:09  Probe x2  
  50  4:17  Pylon  
  50  4:23  Stalker x2  
  50  4:24  Stalker  
  56  4:27  Probe  
  56  4:28  Probe  
  58  4:40  Probe x2  
  60  4:46  Pylon  
  60  4:47  Stalker x3  
  66  4:53  Robotics Facility  
  66  4:55  Forge  
  66  5:00  Probe x2  
  68  5:10  Stalker x3  
  74  5:14  Probe x2  
  74  5:19  Probe  
  77  5:22  Pylon  
  77  5:26  Probe  
  78  5:32  Probe  
  78  5:35  Probe  
  80  5:44  Stalker x3  
  80  5:48  Probe  
  83  5:55  Probe  
  75  5:58  Probe  
  74  6:04  Probe  
  73  6:14  Stalker x3, Probe x2  
  73  6:18  Warp Prism, Gateway  
  81  6:20  Gateway  
  81  6:22  Gateway  
  81  6:25  Gateway  
  79  6:27  Gateway  
  79  6:28  Gateway  
  79  6:30  Probe x2  
  79  6:31  Assimilator  
  79  6:32  Assimilator, Probe  
  84  6:37  Pylon  
  84  6:47  Stalker x3  
  84  6:48  Probe x2  
  84  6:51  Observer  
  84  6:52  Pylon  
  84  6:53  Assimilator  
  92  6:57  Pylon  
  92  7:00  Pylon  
  93  7:02  Probe x2, Templar Archives  
  93  7:07  Nexus  
  95  7:10  Pylon  
  95  7:12  Adept x3  
  101  7:28  Zealot x2  
  101  7:29  Zealot x4  
  109  7:39  Zealot x3  
Show
View Real Time Build Order
Export as new Build Order

Bunny Terran 

Build Orders: Reaper Expand 

Get SALT Encoding   

  12  0:00  SCV  
  13  0:12  SCV  
  14  0:17  Supply Depot  
  14  0:25  SCV  
  15  0:38  SCV  
  15  0:39  Barracks  
  16  0:43  Refinery  
  16  0:50  SCV  
  17  1:02  SCV  
  18  1:14  SCV  
  19  1:27  Orbital Command, Reaper  
  20  1:40  Command Center  
  20  1:53  Supply Depot, SCV  
  21  1:59  Marine  
  22  2:05  SCV  
  22  2:08  Factory  
  23  2:16  Refinery  
  23  2:17  SCV  
  23  2:20  Barracks Reactor  
  24  2:29  SCV  
  25  2:33  Bunker  
  25  2:41  SCV  
  26  2:51  Factory Tech Lab  
  26  2:52  Orbital Command  
  26  2:55  Starport  
  26  2:57  Marine x2  
  28  3:01  SCV  
  29  3:12  Cyclone  
  32  3:15  Marine  
  32  3:16  Marine  
  32  3:17  SCV  
  32  3:19  SCV  
  35  3:31  Viking  
  35  3:32  Marine  
  35  3:33  SCV  
  35  3:34  Marine  
  39  3:35  SCV  
  39  3:40  Supply Depot  
  41  3:48  SCV x2  
  42  4:00  SCV x2  
  44  4:09  Command Center  
  44  4:12  SCV x2  
  44  4:15  Siege Tank  
  49  4:18  Marine, Medivac  
  49  4:23  Supply Depot  
  53  4:25  SCV  
  53  4:30  SCV  
  54  4:33  Supply Depot  
  54  4:39  Barracks  
  54  4:45  SCV x2  
  56  4:47  Refinery  
  56  4:48  Barracks  
  56  4:50  Starport Reactor  
  56  4:56  Marine, Engineering Bay  
  56  4:57  SCV x2  
  56  4:58  Marine, Factory Tech Lab  
  60  5:09  SCV x2  
  60  5:10  Supply Depot  
  62  5:16  Refinery  
  61  5:21  Orbital Command, SCV x2  
  61  5:24  Marine x2  
  65  5:29  Factory Reactor  
  65  5:33  SCV x2  
  66  5:39  Marauder  
  66  5:41  Marine x2  
  62  5:43  Stimpack  
  62  5:46  SCV x2  
  62  5:49  SCV  
  56  5:53  Marauder  
  49  5:59  Marine x2  
  49  6:00  Marauder  
  49  6:02  Medivac x2  
  49  6:03  Concussive Shells  
  52  6:08  Widow Mine x2  
  52  6:15  Marauder  
  52  6:17  Marine  
  52  6:18  SCV x2  
  54  6:20  SCV  
  54  6:22  Marauder  
  55  6:25  Marine  
  55  6:30  SCV x2  
  58  6:37  Marauder  
  58  6:40  Marine  
  58  6:43  Marauder, Marine, SCV  
  60  6:48  Orbital Command  
  60  6:49  Widow Mine x2  
  60  6:51  SCV  
  65  6:55  SCV  
  65  6:57  Marine  
  67  7:01  Marine  
  67  7:03  SCV  
  67  7:08  SCV  
  70  7:11  Marauder  
  70  7:12  Marauder  
  70  7:13  SCV  
  70  7:15  Marine, SCV  
  75  7:17  Medivac  
  75  7:19  Marine  
  75  7:20  SCV  
  75  7:21  Medivac  
  76  7:33  Marine  
Tags
 
Add a new tag
Caveats
  • Supply blocks, unpowered buildings, or Contaminate may cause inaccurate times.
  • Supply counts are checked every 10 seconds.